 Dungeon Crawl Stone Soup version 0.21-a0-442-g848f44b (webtiles) character file.

114 slep the Skirmisher (level 4, 0/25 HPs)
             Began as a Spriggan Wanderer on Nov 16, 2017.
             Slain by an ooze (2 damage)
             ... on level 2 of the Dungeon.
             The game lasted 00:07:48 (1072 turns).

slep the Skirmisher (Spriggan Wanderer)             Turns: 1072, Time: 00:07:48

Health: 0/25       AC:  2    Str:  7    XL:     4   Next: 66%
Magic:  6/6        EV: 18    Int: 15    God:
Gold:   38         SH:  0    Dex: 15    Spells: 3/3 levels left

rFire    . . .     SeeInvis +   a - +2 hand crossbow
rCold    . . .     Gourm    .   (shield restricted)
rNeg     . . .     Faith    .   c - +0 robe
rPois    .         Spirit   .   (helmet restricted)
rElec    .         Reflect  .   (no cloak)
rCorr    .         Harm     +   (gloves unavailable)
MR       .....                  (boots unavailable)
Stlth    +.........             i - amulet of harm
HPRegen  0.08/turn              (no ring)
MPRegen  0.10/turn              (no ring)

@: drained, very quick
A: unfitting armour, see invisible, herbivore 3, speed 3, slow metabolism 2
a: no special abilities


You were on level 2 of the Dungeon.
You were not hungry.

You visited 1 branch of the dungeon, and saw 2 of its levels.

You collected 38 gold pieces.

Inventory:

Hand Weapons
 a - a +2 hand crossbow (weapon)
 p - a +2 hand axe of chopping
 s - a +2 short sword of speed
Missiles
 b - 25 bolts (quivered)
Armour
 c - a +0 robe (worn)
Jewellery
 i - an amulet of harm (around neck)
 j - an uncursed amulet of the gourmand
Scrolls
 e - 4 scrolls of identify {unknown}
 h - a scroll of recharging {unknown}
 k - a scroll of teleportation {unknown}
 n - a scroll of fog {unknown}
 o - a scroll of remove curse {unknown}
 r - a scroll of fear {unknown}
Potions
 d - 2 potions of curing
 g - a potion of might
 l - a potion of heal wounds
 m - 3 potions of invisibility {unknown}
 q - 2 potions of degeneration {unknown}
Comestibles
 f - a bread ration


   Skills:
 + Level 4.0(3.3) Fighting
 + Level 0.5(0.0) Axes
 + Level 3.6(2.9) Crossbows
 + Level 3.3(2.6) Dodging
 + Level 0.6(0.0) Stealth
   Level 1.0(0.3) Shields
   Level 1.3(0.7) Evocations


You had 3 spell levels left.
You didn't know any spells.

Dungeon Overview and Level Annotations

Branches:
Dungeon (2/15)

Altars:
Ru


Innate Abilities, Weirdness & Mutations

You are very small and have problems with some larger weapons.
You are too small for most types of armour.
You have supernaturally acute eyesight. (SInv)
You are a herbivore.
You cover ground extremely quickly.
You need consume almost no food.


Message History

The jelly is almost dead.
The jelly misses you.
Firing (i - inventory):
b - 28 bolts (quivered)
Press: ? - help, Shift-Dir - straight line, f/p - jelly
Aim: a jelly (almost dead)
You shoot a bolt. The bolt hits the jelly.
You kill the jelly!
Firing (i - inventory):
b - 27 bolts (quivered)
Press: ? - help, Shift-Dir - straight line, f - ooze
Aim: an ooze You shoot a bolt.
The bolt hits the ooze!
You kill the ooze!
The ooze closely misses you.
Firing (i - inventory):
b - 26 bolts (quivered)
Press: ? - help, Shift-Dir - straight line, f - ooze
Aim: an ooze You shoot a bolt.
The bolt hits the ooze.
The ooze is heavily wounded.
The ooze hits you.
You die...

##.....##
#.......#
#.......#
#.......#
#.......#
####....#
##..'....#
#.########
##.@J.).##
#######'#
J.JPJ..P.#
..J.÷P...#
.....P...#
JP÷..PJ..#
J...J.J..#
$...÷...÷#
##########


You could see an ooze.

Vanquished Creatures
  A jelly (D:2)
  2 adders (D:2)
  4 oozes (D:2)
  2 dart slugs
  A giant cockroach (D:1)
  4 goblins
  4 hobgoblins
  2 jackals (D:2)
  6 bats
  3 frilled lizards
  13 kobolds
  A leopard gecko zombie (D:2)
  6 rats
49 creatures vanquished.

Vanquished Creatures (others)
  2 fungi (D:2)
  12 toadstools (D:2)
14 creatures vanquished.

Grand Total: 63 creatures vanquished

Notes
Turn   | Place    | Note
-------+----------+-------------------------------------------
     0 | D:1      | slep the Spriggan Wanderer began the quest for the Orb.
     0 | D:1      | slep set off with: a +2 hand crossbow, 24 bolts, a +0 robe, a potion of curing, a bread ration
     0 | D:1      | Reached XP level 1. HP: 12/12 MP: 3/3
   144 | D:1      | Reached XP level 2. HP: 16/16 MP: 4/4
   655 | D:2      | Reached XP level 3. HP: 21/21 MP: 5/5
   956 | D:2      | Found a sacrificial altar of Ru.
  1055 | D:2      | Reached XP level 4. HP: 20/25 MP: 6/6
  1061 | D:2      | Reached skill level 4 in Fighting
  1072 | D:2      | Slain by an ooze

Vault maps used:
D:1:      tarquinn_simple_flora_water_b, kennysheep_decorative_pillar
D:2:      cheibrodos_fertilizer, chequers_ecumenical_altar_twisty,
          nicolae_ru_awakened_eye

Skill      XL: |  1  2  3  4 |
---------------+-------------+-----
Crossbows      | 3 |  3.6
Fighting       | 4 |  4.0
Axes           | |  0.5
Dodging        | |  3.3
Stealth        | |  0.6
Shields        | |  1.0
Evocations     | |  1.3

Action                   |  1- 3 |  4- 6 || total
-------------------------+-------+-------++-------
Melee: Hand axe          |    52 |     6 ||    58
 Fire: Hand crossbow     |    48 |     6 ||    54
  Use: Potion            |     2 |       ||     2
Armor: Robe              |     4 |       ||     4
Dodge: Dodged            |    62 |     6 ||    68

Table legend:
 A = Spawn XP
 B = Non-spawn XP
 C = Spawn XP percentage of total XP
 D = Spawn monster count
 E = Non-spawn monster count
 F = Spawn count percentage of total count
 G = Total turns spent on level
                    A         B        C        D         E        F      G
               +---------+---------+-------+---------+---------+-------+---------
         Total |       0 |     163 |   0.0 |       0 |      49 |   0.0 |  1072
               +---------+---------+-------+---------+---------+-------+---------
           D:1 |       0 |      35 |   0.0 |       0 |      23 |   0.0 |   652
           D:2 |       0 |     128 |   0.0 |       0 |      26 |   0.0 |   420
               +---------+---------+-------+---------+---------+-------+---------
